AoeStats
← REAKA Kasper

Four Lakes

509237954Analyzed
1v1 RM · 8d ago on Sep 26, 2026· 43m 42s· 2 players
Game mode
Random Map
Map size
Tiny (2 player)
Population
200
Speed
Normal
Resources
Standard
Victory
Conquest
Starting age
Dark Age
Ending age
Imperial Age
RankedLock teamsTeams togetherTeam positionsShared explorationLock speedFull tech treeHidden civsTurbo modeCheats
Victory
Defeat
🇺🇸 Wei · United States
553
+17
🇲🇽 Burgundians · Mexico
582
-17
SWITCHBLADE VO
7:05 Loom
11:28 Feudal Age
12:14 Double-Bit Axe
12:58 Horse Collar
20:14 Castle Age
21:40 Heavy Plow
22:29 Bow Saw
24:35 Fishing Lines
28:57 Imperial Age
27:44 Squires
27:30 Arson
29:00 Scale Barding Armor
29:06 Forging
28:59 Scale Mail Armor
30:17 Ming Guang Armor
29:28 Pikeman
31:58 Thumb Ring
33:06 Wheelbarrow
33:23 Fletching
33:34 Padded Archer Armor
34:30 Crop Rotation
36:16 Elite Tiger Cavalry
37:47 Iron Casting
39:14 Chemistry
REAKA Kasper
12:17 Double-Bit Axe
14:32 Feudal Age
12:50 Loom
21:58 Castle Age
21:43 Bow Saw
21:47 Stone Mining
25:29 Two-Man Saw
29:07 Imperial Age
28:09 Cavalier
28:49 Husbandry
28:50 Gold Mining
28:49 Horse Collar
31:45 Chemistry
31:06 Ballistics
31:32 Paladin
33:12 Heavy Plow
34:28 Gold Shaft Mining
36:48 Scale Barding Armor
38:24 Conscription
39:07 Wheelbarrow
39:20 Crop Rotation
39:56 Chain Barding Armor
40:18 Murder Holes
42:24 Scale Mail Armor
42:45 Flemish Revolution
Connection lost

Rejoining the realm…

Still unreachable

The connection could not be restored.

Session expired

The server has moved on; the page needs a fresh start.